 Dungeon Crawl Stone Soup version 0.29-a0-878-g7b45a56547 (webtiles) character file.

Game seed: 13575772683376499667

72 Gargoyl the Trooper (level 4, -5/43 HPs)
             Began as a Gargoyle Berserker on July 20, 2022.
             Was a Follower of Trog.
             Slain by an iguana (7 damage)
             ... on level 3 of the Dungeon.
             The game lasted 00:02:16 (2745 turns).

Gargoyl the Trooper (Gargoyle Berserker)            Turns: 2745, Time: 00:02:16

Health: -5/43      AC: 10    Str: 20    XL:     4   Next: 26%
Magic:  4/4        EV: 10    Int:  8    God:    Trog [*.....]
Gold:   108        SH:  0    Dex: 11    Spells: 3/3 levels left

rFire   . . .      SeeInvis .   c - +3 dagger
rCold   . . .      Faith    .   (no shield)
rNeg    + . .      Spirit   .   i - +0 scale mail
rPois   ∞          Reflect  .   (no helmet)
rElec   +          Harm     .   (no cloak)
rCorr   .          Rampage  .   (no gloves)
Will    ++...                   (no boots)
Stlth   ..........              (no amulet)
HPRegen 1.14/turn               (no ring)
MPRegen 0.09/turn               (no ring)

@: berserking, strong-willed (expiring), regenerating (expiring), very quick
A: sickness immunity, AC +3, negative energy resistance 1, electricity
resistance, torment resistance 1, petrification resistance
a: Renounce Religion, Berserk


You were on level 3 of the Dungeon.
You worshipped Trog.
Trog was aware of your devotion.
You visited 1 branch of the dungeon, and saw 3 of its levels.

You collected 108 gold pieces.

Inventory:

Hand Weapons
 a - a +0 hand axe
 c - a +3 dagger (weapon)
Armour
 i - a +0 scale mail (worn)
Scrolls
 b - a scroll of immolation {unknown}
 e - a scroll of fear
 h - a scroll of fog
Potions
 d - 3 potions of berserk rage
 f - a potion of attraction {unknown}
 g - a potion of curing {unknown}


   Skills:
 + Level 3.8 Fighting
 + Level 1.4 Short Blades
 + Level 3.2 Axes
 + Level 2.5 Armour
 + Level 2.0 Dodging
 + Level 0.4 Stealth


You had 3 spell levels left.
You didn't know any spells.
Your spell library was empty.

Dungeon Overview and Level Annotations

Branches:
Dungeon (3/15)

Altars:

Shops:
D:1 *


Innate Abilities, Weirdness & Mutations

You are immune to sickness and miasma.
Your stone body is resilient. (AC +3)
You are immune to poison.
You resist negative energy. (rN+)
You are resistant to electric shocks. (rElec)
You are resistant to unholy torment.
You are immune to petrification.


Message History

A rat comes into view.
A rat is nearby!
A rat is nearby!
A rat is nearby!
Found a stone staircase leading down.
A bat comes into view.
Found a spear.
An iguana comes into view.
The bat hits you but does no damage.
You closely miss the bat. The bat barely misses you. x2
The bat hits you. The bat hits you.
You hit the bat.
You kill the bat!
Trog accepts your kill. The iguana closely misses you.
You hit the iguana but do no damage. The iguana bites you.
You hit the iguana but do no damage. The iguana bites you!
You hit the iguana but do no damage. The iguana bites you!
* * * LOW HITPOINT WARNING * * *
You hit the iguana.
The iguana is lightly wounded.
The iguana bites you but does no damage.
Okay, then.
Your skin crawls.
You feel strong-willed. The iguana misses you.
The iguana attacks as you move away! The iguana barely misses you.
You feel the effects of Trog's Hand fading.
The iguana attacks as you move away! The iguana bites you.
* * * LOW HITPOINT WARNING * * *
A red film seems to cover your vision as you go berserk!
You feel yourself moving faster!
You feel mighty!
You can no longer call upon Trog for regeneration and willpower.
The iguana bites you!
* * * LOW HITPOINT WARNING * * *
You puncture the iguana!
The iguana is severely wounded.
The iguana bites you!
You die...

#....#..##.....########
#.#.....##)....#
#...r...##'#####
......#..........#
#.##.............#
...#.###.........# ..
#.#.......#
..#.###.........# .
#...†...l@....#
.....#...########
.#.......)# #.#.##...#
#... #>..+ .... ....#
#.## ##...# ... ##.##
## #^#


You could see an iguana and a rat.

Vanquished Creatures
  A gnoll (D:3)
  2 adders (D:2)
  2 dart slugs (D:1)
  2 orcs (D:3)
  6 ball pythons
  2 endoplasms (D:1)
  A giant cockroach (D:1)
  3 hobgoblins
  2 jackals (D:2)
  2 quokkas
  2 bats
  5 goblins
  5 kobolds
  4 rats
39 creatures vanquished.

Vanquished Creatures (others)
  2 plants (D:3)
2 creatures vanquished.

Grand Total: 41 creatures vanquished

Notes
Turn   | Place    | Note
-------+----------+-------------------------------------------
     0 | D:1      | Gargoyl the Gargoyle Berserker began the quest for the Orb.
     0 | D:1      | Reached XP level 1. HP: 14/14 MP: 1/1
   238 | D:1      | Found a faded altar of an unknown god.
   279 | D:1      | Found Naelab's General Store.
   312 | D:1      | Reached XP level 2. HP: 11/19 MP: 2/2
  1740 | D:2      | Reached XP level 3. HP: 24/24 MP: 3/3
  2368 | D:2      | Reached skill level 1 in Short Blades
  2562 | D:3      | Reached XP level 4. HP: 23/29 MP: 4/4
  2581 | D:3      | Reached ** piety under Trog
  2744 | D:3      | HP: 1/43 [iguana (11)]
  2745 | D:3      | Slain by an iguana

Illustrated notes

Levels and vault maps discovered:
D:1:      lightli_arrival_isolated_outpost, layout_loops_ring, serial_shops,
          shop, shapermc_ecumenical_altar_hornbeckon, grunt_decor_cap,
          kennysheep_pointless_box, serial_park_tiny_pond
D:2:      layout_loops_cross
D:3:      layout_basic, ebering_ghost_inner_flame, chequers_big_river,
          ebering_dispersal_statue_hall, minmay_fractal_squares_5

Skill      XL: |  1  2  3 |
---------------+----------+-----
Axes           | 3 |  3.2
Dodging        | 2 |  2.0
Short Blades   | 1 |  1.4
Fighting       | |  3.8
Armour         | |  2.5
Stealth        | |  0.4

Action                   |  1- 3 |  4- 6 || total
-------------------------+-------+-------++-------
Melee: Dagger            |   119 |    29 ||   148
       Hand axe          |     3 |       ||     3
Invok: Berserk           |     1 |     1 ||     2
       Trog's Hand       |       |     1 ||     1
  Use: Scroll            |     4 |       ||     4
 Stab: Sleeping          |     1 |       ||     1
Armor: Animal skin       |    39 |     4 ||    43
       Scale mail        |       |     4 ||     4
Dodge: Dodged            |    65 |    17 ||    82

Table legend: (Time is in decaauts)
 A = Elapsed time spent in this place.
 B = Non-inter-level travel time spent in this place.
 C = Inter-level travel time spent in this place.
 D = Time resting spent in this place.
 E = Time spent auto-exploring this place.
 F = Levels seen in this place.
 G = Mean time per level.
                   A        B        C        D        E       F      G
               +--------+--------+--------+--------+--------+-----+--------+
         Total |   2771 |   2691 |     80 |      0 |   2270 |   3 |  923.7 |
       Dungeon |   2771 |   2691 |     80 |      0 |   2270 |   3 |  923.7 |
               +--------+--------+--------+--------+--------+-----+--------+

Top non-repeatable levels by time:
     D:1: 1755 daAuts
     D:2: 739 daAuts
     D:3: 276 daAuts
